 Dungeon Crawl Stone Soup version 0.19.4 (webtiles) character file.

14926 Naow the Thaumaturge (level 11, -9/60 HPs)
             Began as a Deep Elf Conjurer on Jan 30, 2017.
             Was a Priest of Vehumet.
             Killed by mirror damage (21 damage)
             ... on level 12 of the Dungeon.
             The game lasted 00:41:32 (17518 turns).

Naow the Thaumaturge (Deep Elf Conjurer)           Turns: 17518, Time: 00:41:32

Health: -9/60      AC:  7    Str:  5    XL:     11   Next: 95%
Magic:  3/29       EV: 19    Int: 29    God:    Vehumet [***...]
Gold:   748        SH:  5    Dex: 15    Spells: 8 memorised, 8 levels left

rFire  . . .     SeeInvis .     u - +2 short sword (venom)
rCold  . . .     Gourm    .     y - +0 robe "Puss" {Int+5 Slay+4}
rNeg   . . .     Faith    .     (no shield)
rPois  +         Spirit   .     F - +0 helmet
rElec  .         Reflect  +     e - +2 cloak
rCorr  .         Harm     .     (no gloves)
MR     +....                    B - +0 pair of boots
Stlth  ++........               p - +5 amulet of reflection
                                (no ring)
                                Y - ring of poison resistance

@: repel missiles
A: no striking features
a: Renounce Religion


You were on level 12 of the Dungeon.
You worshipped Vehumet.
Vehumet was most pleased with you.
You were hungry.

You visited 2 branches of the dungeon, and saw 13 of its levels.

You collected 748 gold pieces.

Inventory:

Hand Weapons
 u - a +2 short sword of venom (weapon)
 N - a +3 short sword
Armour
 e - a +2 cloak (worn)
 y - the +0 robe "Puss" (worn) {Int+5 Slay+4}
   (You found it on level 10 of the Dungeon)

   It affects your intelligence (+5).
   It affects your accuracy and damage with ranged weapons and melee attacks
   (+4).
 B - a +0 pair of boots (worn)
 F - a +0 helmet (worn)
Rods
 S - a +1 rod of ignition (12/12)
   (You took it off a gnoll on level 7 of the Dungeon)
Jewellery
 p - a +5 amulet of reflection (around neck)
 J - an uncursed amulet of the gourmand
 K - an uncursed ring of flight
 P - an uncursed ring of fire
 T - an uncursed ring of stealth
 Y - a ring of poison resistance (left hand)
Wands
 I - a wand of digging (19/24)
 W - a wand of disintegration (10/24)
Scrolls
 j - 2 scrolls of fear
 l - a scroll of blinking
 r - 6 scrolls of remove curse
 v - 3 scrolls of teleportation
 z - a scroll of magic mapping
 A - a scroll of recharging
 C - 2 scrolls of enchant armour
 M - a scroll of amnesia
Potions
 a - a potion of might
 f - a potion of haste
 g - a potion of mutation
 m - a potion of magic
 o - 6 potions of curing
 q - 3 potions of lignification
 s - 5 potions of heal wounds
 x - a potion of cure mutation
 G - a potion of berserk rage {unknown}
 L - a potion of invisibility
 O - a potion of resistance
 R - 2 potions of flight
Books
 b - a book of Conjurations

   Spells                             Type                      Level
   a - Magic Dart                     Conjuration                  1
   b - Searing Ray                    Conjuration                  2
   c - Dazzling Spray                 Conjuration/Hexes            3
   d - Fulminant Prism                Conjuration/Hexes            4
   e - Iskenderun's Mystic Blast      Conjuration                  4
   f - Iskenderun's Battlesphere      Conjuration/Charms           5
 d - a book of Death

   Spells                             Type                      Level
   a - Corpse Rot                     Necromancy                   2
   b - Sublimation of Blood           Necromancy                   2
   c - Agony                          Necromancy                   5
   d - Dispel Undead                  Necromancy                   5
   e - Excruciating Wounds            Charms/Necromancy            5
   f - Bolt of Draining               Conjuration/Necromancy       5
 D - a book of Power

   Spells                             Type                      Level
   a - Fulminant Prism                Conjuration/Hexes            4
   b - Iskenderun's Mystic Blast      Conjuration                  4
   c - Venom Bolt                     Conjuration/Poison           5
   d - Bolt of Magma                  Conjuration/Fire/Earth       5
   e - Iron Shot                      Conjuration/Earth            6
   f - Orb of Destruction             Conjuration                  7
   g - Spellforged Servitor           Conjuration/Summoning        7
 E - a book of Party Tricks

   Spells                             Type                      Level
   a - Summon Butterflies             Summoning                    1
   b - Apportation                    Translocation                1
   c - Lesser Beckoning               Translocation                3
   d - Tukima's Dance                 Hexes                        3
   e - Alistair's Intoxication        Transmutation/Poison         5
   f - Invisibility                   Hexes                        6
 Q - the Guide on Congealing Augmentations
   (You found it on level 7 of the Dungeon)

   Spells                             Type                      Level
   a - Repel Missiles                 Charms/Air                   2
   b - Swiftness                      Charms/Air                   2
   c - Throw Frost                    Conjuration/Ice              2
   d - Throw Icicle                   Conjuration/Ice              4
   e - Excruciating Wounds            Charms/Necromancy            5
   f - Metabolic Englaciation         Hexes/Ice                    5
Miscellaneous
 U - a phial of floods
Comestibles
 c - 12 bread rations
 h - a slice of pizza
 k - 2 meat rations
 n - 7 fruits
 t - 5 beef jerkies
 w - 11 royal jellies


   Skills:
 * Level 3.8 Fighting
 - Level 10.0 Dodging
 - Level 2.4 Stealth
 + Level 12.6 Spellcasting
 + Level 11.8 Conjurations
 - Level 8.1 Hexes
 - Level 10.5 Charms


You had 8 spell levels left.
You knew the following spells:

 Your Spells              Type           Power        Failure   Level  Hunger
a - Magic Dart            Conj           ####         1%          1    None
b - Searing Ray           Conj           ######       1%          2    None
c - Iskenderun's Battles  Conj/Chrm      ######..     1%          5    ##.....
d - Iskenderun's Mystic   Conj           ######..     1%          4    None
e - Fulminant Prism       Conj/Hex       ######....   1%          4    None
f - Repel Missiles        Chrm/Air       #####.       1%          2    None
g - Swiftness             Chrm/Air       #####...     1%          2    None
h - Orb of Destruction    Conj           ######....   5%          7    ######.


Dungeon Overview and Level Annotations

Branches:
Dungeon (12/15)            Temple (1/1) D:7            Lair (0/6) D:11
    Orc (0/2) D:9

Altars:
Ashenzari
Cheibriados
Dithmenos
Elyvilon
Fedhas
Gozag
Hepliaklqana
Kikubaaqudgha
Makhleb
Nemelex Xobeh
Okawaru
Qazlal
Ru
Sif Muna
Trog
Uskayaw
Vehumet
Xom
Yredelemnul
Zin
The Shining One
Lugonu

Shops:
D:4 [


Message History

* * * LOW HITPOINT WARNING * * *
Unknown command.
Unknown command.
Unknown command. (m)acro, (M)acro raw, keymap [(k) default, (x) level-map, (t)argeting, (c)onfirm, m(e)nu], (s)ave?
Input macro trigger key: \{252} Input macro action: zh Created macro '\{252}' => 'zh'.
Casting: Iskenderun's Mystic Blast
Confirm with . or Enter, or press ? or * to list all spells.
Aiming: Orb of Destruction
Press: ? - help, Shift-Dir - straight line, f/p - death knight
Aim: a death knight, wielding an enchanted battleaxe and wearing a runed chain mail (heavily wounded, reflecting injuries)
You are feeling hungry.
The death knight invokes the aid of Yredelemnul against you.
You struggle to resist.
The wavering orb of destruction hits the death knight.
The death knight is almost dead.
The death knight reflects your damage back at you!
You die...

#<..........#
#.........#
#...........#
########.##
#...........# #.#
########<.### #.##
####.## #..#
......##############'###
....§.p.##.............#
#§##.............#
#@##.............#
#..#..............
##.'..............
###.............#
#.............#
#.............#
#####'######### #.###
#...#


You could see a death knight.

Vanquished Creatures
  A phantasmal warrior (D:12)
  A hill giant (D:9)
  Pikel (D:5)
  2 ugly things (D:12)
  2 manticores (D:11)
  A centaur zombie (D:12)
  Psyche (D:8)
  A tengu conjurer (D:12)
  A queen bee (D:11)
  Prince Ribbit (D:9)
  A two-headed ogre (D:12)
  4 hippogriffs
  The ghost of Jerry the Insei, an amateur OpTm (D:3)
  A wyvern (D:11)
  4 wraiths (D:12)
  2 vampires
  9 yaks
  A hungry ghost (D:12)
  Menkaure (D:4)
  2 steam dragons
  3 black bears
  An ice beast (D:9)
  An eye of draining (D:10)
  4 orc warriors
  A sky beast (D:8)
  A slave (D:4)
  A necrophage (D:7)
  11 ogres
  5 centaurs
  5 bullfrogs
  3 gnoll sergeants
  A water moccasin zombie (D:6)
  3 scorpions
  25 killer bees
  11 wights
  6 howler monkeys
  A bullfrog zombie (D:12)
  7 crimson imps
  6 jellies
  6 orc wizards
  A gnoll shaman (D:9)
  7 orc priests
  3 centaur skeletons
  6 hounds
  Jessica (D:2)
  4 bullfrog skeletons
  4 iguanas
  9 worker ants
  A hound zombie (D:8)
  3 hound skeletons
  A worker ant zombie (D:6)
  24 gnolls
  8 adders
  A shadow imp (D:8)
  An ooze (D:1)
  2 adder skeletons
  2 adder zombies
  3 worms
  5 dart slugs
  6 leopard geckos
  48 orcs
  A bat zombie (D:3)
  8 giant cockroaches
  2 goblins
  7 hobgoblins
  4 jackals (D:6)
  9 kobolds
  7 quokkas
  3 ball pythons
  2 ball python skeletons
  10 bats
  8 frilled lizards
  11 rats
  3 rat zombies (D:3)
  A spectral orc (D:4)
  A plant (D:9)
357 creatures vanquished.

Vanquished Creatures (others)
  6 fulminant prisms
6 creatures vanquished.

Grand Total: 363 creatures vanquished

Notes
Turn   | Place    | Note
-------+----------+-------------------------------------------
     0 | D:1      | Naow the Deep Elf Conjurer began the quest for the Orb.
     0 | D:1      | Reached XP level 1. HP: 10/10 MP: 6/6
   169 | D:1      | Reached XP level 2. HP: 4/15 MP: 0/8
   173 | D:1      | Learned a level 2 spell: Searing Ray
   607 | D:1      | Reached skill level 5 in Conjurations
  1065 | D:1      | Reached XP level 3. HP: 19/19 MP: 7/10
  1372 | D:2      | Reached skill level 4 in Spellcasting
  1619 | D:2      | Reached XP level 4. HP: 22/24 MP: 6/12
  1884 | D:2      | Noticed Jessica
  1887 | D:2      | Killed Jessica
  2056 | D:2      | Found a blossoming altar of Fedhas.
  2327 | D:3      | Noticed Jerry's ghost (amateur OpTm)
  2334 | D:3      | Killed Jerry's ghost
  2334 | D:3      | Reached skill level 5 in Spellcasting
  2334 | D:3      | Reached XP level 5. HP: 25/28 MP: 4/15
  2334 | D:3      | Reached XP level 6. HP: 28/32 MP: 4/16
  2341 | D:3      | Learned a level 5 spell: Iskenderun's Battlesphere
  2346 | D:3      | Learned a level 4 spell: Iskenderun's Mystic Blast
  2351 | D:3      | Learned a level 4 spell: Fulminant Prism
  2613 | D:3      | Reached skill level 1 in Charms
  2937 | D:3      | Found an ancient bone altar of Kikubaaqudgha.
  3733 | D:4      | Found Lifobb's Armour Shop.
  3916 | D:4      | Reached XP level 7. HP: 27/36 MP: 11/17
  4034 | D:4      | Reached skill level 6 in Spellcasting
  4076 | D:4      | Noticed Menkaure
  4081 | D:4      | Killed Menkaure
  4457 | D:4      | Reached skill level 5 in Charms
  4644 | D:4      | Found a basalt altar of Yredelemnul.
  5138 | D:5      | Entered Level 5 of the Dungeon
  5591 | D:5      | Reached XP level 8. HP: 6/41 MP: 15/20
  5968 | D:5      | Noticed Pikel
  6188 | D:5      | Killed Pikel
  6188 | D:5      | Reached skill level 7 in Spellcasting
  6492 | D:5      | Reached skill level 5 in Dodging
  7047 | D:6      | Reached skill level 8 in Spellcasting
  7257 | D:6      | Reached XP level 9. HP: 37/45 MP: 18/23
  7667 | D:6      | Found a snail-covered altar of Cheibriados.
  7995 | D:6      | Found a burning altar of Makhleb.
  8171 | D:6      | Reached skill level 10 in Charms
  8628 | D:7      | Found a staircase to the Ecumenical Temple.
  8644 | Temple   | Entered the Ecumenical Temple
  8777 | D:7      | Reached skill level 9 in Spellcasting
  8777 | D:7      | Reached skill level 1 in Hexes
  8998 | D:7      | Found a sparkling altar of Nemelex Xobeh.
  9046 | D:7      | Found a glowing silver altar of Zin.
  9079 | D:7      | Identified the Guide on Congealing Augmentations
 10002 | D:7      | Reached XP level 10. HP: 50/50 MP: 15/25
 10286 | D:7      | Found a stormy altar of Qazlal.
 10286 | D:7      | Found a faded altar of an unknown god.
 10291 | D:7      | Found a faded altar of an unknown god.
 10293 | D:7      | Found a faded altar of an unknown god.
 10294 | D:7      | Found a faded altar of an unknown god.
 10410 | Temple   | Became a worshipper of Vehumet
 10551 | D:8      | Reached skill level 10 in Spellcasting
 11228 | D:8      | Noticed a moth of wrath
 11231 | D:8      | Found a bloodstained altar of Trog.
 11235 | D:8      | Reached * piety under Vehumet
 11235 | D:8      | Offered knowledge of Flame Tongue by Vehumet.
 11360 | D:8      | Found a shattered altar of Ashenzari.
 11533 | D:8      | Noticed Psyche
 11537 | D:8      | Killed Psyche
 11537 | D:8      | Reached skill level 5 in Hexes
 11934 | D:8      | Reached skill level 10 in Conjurations
 12587 | D:9      | Noticed a hill giant
 12598 | D:9      | Killed a hill giant
 12827 | D:9      | Found a shattered altar of Ashenzari.
 12830 | D:9      | Found an opulent altar of Gozag.
 12974 | D:9      | Found a hazy altar of Hepliaklqana.
 13087 | D:9      | Found a staircase to the Orcish Mines.
 13165 | D:9      | Offered knowledge of Shock by Vehumet.
 13434 | D:9      | Noticed Prince Ribbit
 13441 | D:9      | Killed Prince Ribbit
 13550 | D:10     | Entered Level 10 of the Dungeon
 13661 | D:10     | Reached skill level 11 in Spellcasting
 13958 | D:10     | Reached ** piety under Vehumet
 14213 | D:10     | Found an iron altar of Okawaru.
 14253 | D:10     | Got a silken robe
 14264 | D:10     | Identified the +0 robe "Puss" {Int+5 Slay+4} (You found it on level 10 of the Dungeon)
 14277 | D:10     | Learned a level 2 spell: Repel Missiles
 14280 | D:10     | Learned a level 2 spell: Swiftness
 14949 | D:11     | Reached XP level 11. HP: 54/54 MP: 18/28
 15928 | D:11     | Offered knowledge of Throw Flame by Vehumet.
 16030 | D:11     | Found a staircase to the Lair.
 16040 | D:11     | Reached *** piety under Vehumet
 16047 | D:11     | Reached skill level 10 in Dodging
 16221 | D:11     | Learned a level 7 spell: Orb of Destruction
 16348 | D:12     | Noticed a red ugly thing
 16355 | D:12     | Killed a red ugly thing
 16355 | D:12     | Reached skill level 1 in Fighting
 16474 | D:12     | Reached skill level 12 in Spellcasting
 16554 | D:12     | Offered knowledge of Conjure Flame by Vehumet.
 17111 | D:12     | Noticed a white ugly thing
 17116 | D:12     | Killed a white ugly thing
 17319 | D:12     | Noticed a phantasmal warrior
 17324 | D:12     | Killed a phantasmal warrior
 17509 | D:12     | Noticed a death knight
 17518 | D:12     | Killed by mirror damage

Skill      XL: |  1  2  3  4  5  6  7  8  9 10 11 |
---------------+----------------------------------+-----
Conjurations   | 5 7 8 9 10 11 | 11.8
Spellcasting   | 4 5 6 8 9 11 12 | 12.6
Charms         | 3 6 9 10 | 10.5
Dodging        | 3 4 5 7 9 10 | 10.0
Hexes          | 3 6 8 |  8.1
Fighting       | 3 |  3.8
Stealth        | |  2.4

Action                   |  1- 3 |  4- 6 |  7- 9 | 10-12 || total
-------------------------+-------+-------+-------+-------++-------
Melee: Unarmed           |     3 |       |       |       ||     3
       Short sword       |       |     1 |     7 |    47 ||    55
 Cast: Magic Dart        |    79 |   128 |   221 |   186 ||   614
       Searing Ray       |       |     4 |    34 |    31 ||    69
       Iskenderun's Batt |       |       |     4 |    34 ||    38
       Iskenderun's Myst |       |       |    23 |    74 ||    97
       Fulminant Prism   |       |       |       |     6 ||     6
       Repel Missiles    |       |       |       |     1 ||     1
       Swiftness         |       |       |       |     1 ||     1
       Orb of Destructio |       |       |       |     1 ||     1
Evoke: Wand              |       |       |     2 |       ||     2
  Use: Scroll            |       |       |     5 |    22 ||    27
       Potion            |       |       |       |     1 ||     1
  Eat: Chunk             |     2 |     7 |    10 |    18 ||    37
       Meat ration       |       |       |     2 |     1 ||     3
       Pizza             |       |       |       |     1 ||     1
       Royal jelly       |       |       |       |     1 ||     1
Armor: Robe              |     1 |     4 |    11 |    26 ||    42
Dodge: Dodged            |    14 |    14 |    69 |   152 ||   249
       Deflected         |       |       |       |     3 ||     3
Block: Other             |       |     2 |    19 |    44 ||    65
       Reflection        |       |       |     1 |     1 ||     2
